 Dungeon Crawl Stone Soup version 0.30.1-3-gfc49f6343a (webtiles) character file.

Game seed: 2228444819267801484

100012 Cauliflower the Martial Artist (level 15, -16/118 HPs)
             Began as a Gnoll Transmuter on July 17, 2023.
             Was the Champion of Jiyva.
             Demolished by a +6 scimitar of electrocution (29 damage)
             ... on level 1 of the Elven Halls on July 18, 2023.
             The game lasted 01:24:44 (18805 turns).

Cauliflower the Martial Artist (Gnoll Transmuter)  Turns: 18805, Time: 01:24:44

Health: -16/118    AC: 14    Str: 16    XL:     15   Next: 89%
Magic:  29/30      EV: 28    Int: 26    God:    Jiyva [******]
Gold:   458        SH:  0    Dex: 23    Spells: 6/37 levels left

rFire   + + +        a - +9 battleaxe of the Mashing Scavenger {elec, Fly Dex+3}
rCold   . . .        (shield currently unavailable)
rNeg    + . .        A - +2 robe {rC+ rF+}
rPois   +            W - +2 helmet {SInv}
rElec   .            E - +0 cloak
rCorr   +            D - +1 pair of gloves
SInv    +            X - +2 pair of boots
Will    +++..        (no amulet)
Stlth   +++++        U - ring "Ymaom" {rC- rN+ Int+6 Dex+2}
HPRegen 1.99/turn    Y - ring of Omutu {EV+5 Str+2}
MPRegen 0.72/turn

%: no passive effects
@: corroded, flying
A: fangs 1, strong nose, distributed training, iridescent scales 1, see
invisible, agile 2, clever 1, fire resistance 3, strong-willed 2, poison
resistance, strong 2, acidic bite, gelatinous body 1, evolution 1, jelly
absorbing missiles
}: 1/15 runes: slimy
a: Renounce Religion, Oozemancy, Slimify


You were on level 1 of the Elven Halls.
You worshipped Jiyva.
Jiyva was exalted by your worship.
You visited 6 branches of the dungeon, and saw 28 of its levels.
You also visited: Sewer and Ice Cave.

You collected 1568 gold pieces.
You spent 1110 gold pieces at shops.

Inventory:

Hand Weapons
 a - the +9 battleaxe of the Mashing Scavenger (weapon) {elec, Fly Dex+3}
   (You found it on level 12 of the Dungeon)

   Dex:       It affects your dexterity (+3).
   Fly:       It grants you flight.
 b - a +5 war axe of electrocution
 n - a +1 spectral demon blade
Missiles
 e - 152 stones
 i - 29 poisoned darts
 r - a throwing net
 z - 9 boomerangs
 B - a curare-tipped dart
Armour
 A - a +2 robe of resistance (worn)
 C - a +0 buckler
 D - a +1 pair of gloves (worn)
 E - a +0 cloak (worn)
 S - a +0 troll leather armour
 W - a +2 helmet of see invisible (worn)
 X - a +2 pair of boots (worn)
Magical Staves
 Q - the staff of fire "Mokos" {rF+ Int+7 SInv}
   (You found it on level 5 of the Pits of Slime)

   [staff of fire]

   Base accuracy: +5 Base damage: 5 Base attack delay: 1.2 This weapon's minimum
   attack delay (0.6) is reached at skill level 12.
   Int:       It affects your intelligence (+7).
   rF:        It protects you from fire.
   SInv:      It lets you see invisible.
   It falls into the 'Staves' category.
   It is a one-handed weapon.
 V - the staff of poison "Dobbof" {rPois rC+ rN+}
   (You found it on level 5 of the Pits of Slime)

   [staff of poison]

   Base accuracy: +5 Base damage: 5 Base attack delay: 1.2 This weapon's minimum
   attack delay (0.6) is reached at skill level 12.
   rC:        It protects you from cold.
   rPois:     It protects you from poison.
   rN:        It protects you from negative energy.
   It falls into the 'Staves' category.
   It is a one-handed weapon.
Jewellery
 I - the ring "Zool" {Ice rPois Will- Str+5 Int+4}
   (You found it on level 10 of the Dungeon)

   [ring of ice]

   It enhances your ice magic.
   Str:       It affects your strength (+5).
   Int:       It affects your intelligence (+4).
   rF:        It makes you vulnerable to fire.
   rC:        It protects you from cold.
   rPois:     It protects you from poison.
   Will:      It decreases your willpower.
 L - a ring of positive energy
 P - a ring of flight
 U - the ring "Ymaom" (left hand) {rC- rN+ Int+6 Dex+2}
   (You found it on level 5 of the Pits of Slime)

   [ring of intelligence]

   Int:       It affects your intelligence (+6).
   Dex:       It affects your dexterity (+2).
   rC:        It makes you vulnerable to cold.
   rN:        It protects you from negative energy.
 Y - the ring of Omutu (right hand) {EV+5 Str+2}
   (You found it on level 5 of the Pits of Slime)

   [ring of evasion]

   EV:        It affects your evasion (+5).
   Str:       It affects your strength (+2).
Wands
 s - a wand of polymorph (12)
 v - a wand of charming (20)
 w - a wand of light (15)
 O - a wand of flame (32)
Scrolls
 c - a scroll of poison
 m - 3 scrolls of identify
 p - a scroll of vulnerability
 t - 5 scrolls of silence
 u - 3 scrolls of blinking
 x - a scroll of torment
 F - 2 scrolls of teleportation
 H - 4 scrolls of immolation
 M - a scroll of amnesia
 T - a scroll of magic mapping
Potions
 d - 2 potions of resistance
 f - 4 potions of heal wounds
 g - 4 potions of mutation
 h - 2 potions of might
 j - 3 potions of brilliance
 k - 5 potions of curing
 l - 5 potions of invisibility
 o - 9 potions of flight
 q - a potion of magic
 J - 2 potions of attraction
 R - 8 potions of lignification


   Skills:
 + Level 11.1 Fighting
 + Level 10.8 Short Blades
 + Level 10.8 Long Blades
 + Level 10.8 Axes
 + Level 10.8 Maces & Flails
 + Level 10.8 Polearms
 + Level 10.8 Staves
 + Level 10.8 Ranged Weapons
 + Level 10.8 Throwing
 + Level 10.8 Armour
 + Level 11.7 Dodging
 + Level 10.8 Stealth
 + Level 10.8 Shields
 + Level 12.5 Unarmed Combat
 + Level 11.9 Spellcasting
 + Level 9.1 Conjurations
 + Level 9.1 Hexes
 + Level 9.1 Summonings
 + Level 9.1 Necromancy
 + Level 9.1 Translocations
 + Level 9.9 Transmutations
 + Level 9.1 Fire Magic
 + Level 9.1 Ice Magic
 + Level 9.1 Air Magic
 + Level 9.1 Earth Magic
 + Level 9.1 Poison Magic
 + Level 11.7 Invocations
 + Level 10.8 Evocations


You had 6 spell levels left.
You knew the following spells:

 Your Spells              Type           Power      Damage    Failure   Level
a - Beastly Appendage     Tmut           100%       N/A       1%          1
b - Wereblood             Tmut           61%        N/A       1%          2
c - Spider Form           Tmut/Pois      60%        N/A       1%          3
d - Ice Form              Ice/Tmut       60%        N/A       1%          4
e - Mephitic Cloud        Conj/Pois/Air  58%        N/A       1%          3
f - Yara's Violent Unrav  Hex/Tmut       30%        3d13      1%          5
g - Confusing Touch       Hex            58%        N/A       1%          3
h - Passage of Golubria   Tloc           58%        N/A       1%          4
i - Dispel Undead         Necr           58%        3d21      1%          4
j - Blink                 Tloc           100%       N/A       1%          2

Your spell library contained the following spells:

 Spells                   Type           Power      Damage    Failure   Level
 Kiss of Death            Conj/Necr      100%       2d13      1%          1
 Magic Dart               Conj           100%       1d8       1%          1
 Call Imp                 Summ           100%       N/A       1%          2
 Cigotuvi's Dreadful Rot  Necr/Pois/Air  100%       N/A       1%          2
 Ensorcelled Hibernation  Hex/Ice        100%       N/A       1%          2
 Sublimation of Blood     Necr           58%        N/A       1%          2
 Call Canine Familiar     Summ           58%        N/A       1%          3
 Portal Projectile        Hex/Tloc       100%       N/A       1%          3
 Tukima's Dance           Hex            58%        N/A       1%          3
 Anguish                  Hex/Necr       29%        N/A       1%          4
 Leda's Liquefaction      Hex/Erth       29%        N/A       1%          4
 Manifold Assault         Tloc           58%        N/A       1%          4
 Storm Form               Tmut/Air       30%        N/A       54%         7
 Infestation              Necr           29%        N/A       99%         8
 Necromutation            Tmut/Necr      30%        N/A       99%         8
 Chain Lightning          Conj/Air       29%        3d38      100%        9
 Fire Storm               Conj/Fire      29%        8d7       100%        9
 Shatter                  Erth           29%        3d24*     100%        9


Dungeon Overview and Level Annotations

Branches:
Dungeon (14/15)            Temple (1/1) D:5            Lair (5/5) D:11
 Shoals (0/4) Lair:2       Spider (0/4) Lair:3        Slime (5/5) Lair:5
    Orc (2/2) D:10            Elf (1/3) Orc:2        Vaults (0/5) D:13
  Sewer (visited)           IceCv (visited)

Altars:
Cheibriados
Dithmenos
Nemelex Xobeh
Sif Muna
Wu Jian
Xom
Zin
Jiyva

Shops:
D:11 *   D:12 ?   Orc:1 :   Orc:2 ([=:!

Portals:
Abyss: D:14

Annotations:
D:14 2 transporters
Slime:5 Royal Jelly


Innate Abilities, Weirdness & Mutations

You have very sharp teeth.
Your uncanny sense of smell can sniff out nearby items.
Your experience applies equally to all skills.
You are partially covered in iridescent scales. (AC +2)
You have supernaturally acute eyesight. (SInv)
You are very agile. (Dex +8, Str/Int -2)
Your mind is acute. (Int +4, Str/Dex -1)
Your flesh is almost immune to the effects of heat. (rF+++)
You are highly strong-willed. (Will++)
Your system is resistant to poisons. (rPois)
Your muscles are very strong. (Str +8, Int/Dex -2)
You have acidic saliva.
Your rubbery body absorbs attacks. (AC +1, EV +1)
You have hidden genetic potential.
You have a small jelly attached to you that may absorb projectiles.


Message History

Unknown command.
You hit the +6 scimitar of electrocution but do no damage.
The +6 scimitar of electrocution is moderately damaged.
The +6 scimitar of electrocution hits you!
The wizard casts a spell.
The wizard blinks!
Unknown command.
You barely miss the +6 scimitar of electrocution.
The +6 scimitar of electrocution is moderately damaged.
The +6 scimitar of electrocution hits you!
A deep elf pyromancer comes into view. It is wielding a +0 short sword.
The deep elf zephyrmancer points at you and mumbles some strange words.
The bolt of lightning misses the +6 scimitar of electrocution.
The bolt of lightning misses you.
The +6 scimitar of electrocution hits you!!
Casting: Yara's Violent Unravelling (dangerous; 1% risk of failure)
Confirm with . or Enter, or press ? or * to list all spells.
Aiming: Mephitic Cloud (safe; 1% risk of failure)
Press: ? - help, Shift-Dir - straight line The ball explodes into a vile cloud!
The stinking cloud engulfs the +6 scimitar of electrocution but does no damage.
The +6 scimitar of electrocution is lightly damaged.
The stinking cloud engulfs the wizard but does no damage.
The +6 scimitar of electrocution completely misses you.
The wizard is engulfed in noxious fumes.
The wizard appears confused.
The wizard hits the +6 scimitar of electrocution but does no damage.
The +6 scimitar of electrocution barely misses you.
Unknown command.
You miss the +6 scimitar of electrocution.
The +6 scimitar of electrocution is lightly damaged.
The +6 scimitar of electrocution hits you!!
* * * LOW HITPOINT WARNING * * *
You are electrocuted!
* * * LOW HITPOINT WARNING * * *
The deep elf pyromancer casts a spell at you.
The bolt of fire misses you.
The wizard is engulfed in noxious fumes.
The +6 scimitar of electrocution hits you!!
You die...

......... ###...#.#
..#...#.# # # #.#
..#'## $##.# ##.#
.ep§.##
#.###.#.###§☼○..##
#.#.##.##.(☼○...##
##...##.#..@).....#
#.#.......'.........+
#.........#.........#
#####.######........#
#.# ##.....e.. #.#
##..###.. #.# #'# #
#.# #.# #.#########.#


You could see a deep elf pyromancer, a wizard (confused), a deep elf
zephyrmancer and a +6 scimitar of electrocution.

Vanquished Creatures
  Asterion (Elf:1)
  A deep elf sorcerer (Elf:1)
  An orc warlord (Orc:2)
  The ghost of mmigdal the Thaumaturge, a journeyman DsRe of Dithmenos (Lair:5)
  A deep elf demonologist (Elf:1)
  Snorg (Lair:4)
  2 deep elf death magi (Elf:1)
  A deep elf high priest (Elf:1)
  Josephine (D:10)
  3 hydras
  2 centaur warriors
  A vault guard (D:13)
  A boulder beetle (D:12)
  A two-headed ogre (D:11)
  A dancing weapon (Elf:1)
  2 orc high priests
  10 death yaks
  Sonja (Lair:1)
  A fire crab (D:12)
  2 deep elf knights (Elf:1)
  5 skeletal warriors (D:14)
  2 skysharks
  9 deep elf zephyrmancers (Elf:1)
  5 orc knights
  6 ugly things
  10 deep elf pyromancers (Elf:1)
  3 cyclopes
  2 manticores
  4 orc sorcerers
  13 elephants
  2 black mambas
  An ice statue (Lair:4)
  A yaktaur (D:13)
  An unseen horror (D:12)
  10 cane toads
  4 kobold demonologists (D:12)
  3 rime drakes
  5 komodo dragons
  A tengu conjurer (Elf:1)
  An ice devil (Lair:4)
  6 trolls
  5 hornets
  9 polar bears
  Grinder (D:4)
  18 blink frogs
  2 dream sheep (Lair:5)
  A centaur simulacrum (D:14)
  12 spriggans (Lair:5)
  8 wraiths
  2 vampires (D:11)
  5 wyverns
  Eustachio (D:5)
  8 basilisks
  A fire elemental (Elf:1)
  41 yaks
  6 death yak simulacra (IceCv)
  2 vampire mosquitoes (D:11)
  2 redbacks (Lair:3)
  An acid dragon (D:12)
  10 water moccasins
  5 ice beasts
  A swamp drake (D:11)
  27 orc warriors
  18 wolves (Lair:5)
  5 boggarts
  6 black bears
  6 ogres
  13 centaurs
  3 phantoms (D:10)
  3 kobold brigands
  14 bullfrogs
  A cane toad simulacrum (IceCv)
  A gnoll sergeant (D:5)
  An earth elemental (Elf:1)
  A scorpion (D:5)
  3 killer bees (D:7)
  3 troll zombies (D:10)
  4 howler monkeys
  3 hounds
  16 orc priests
  17 orc wizards
  4 iguanas
  3 sleepcaps
  4 hell rats (Lair:4)
  A polar bear simulacrum (IceCv)
  A troll simulacrum (IceCv)
  A wolf simulacrum (IceCv)
  5 ogre zombies (D:10)
  Robin (D:2)
  15 adders
  2 gnolls (D:5)
  5 river rats (Sewer)
  3 naga simulacra (IceCv)
  16 white imps
  7 worms
  4 dart slugs
  72 orcs
  10 ball pythons
  2 endoplasms (D:1)
  4 giant cockroaches
  13 goblins
  12 hobgoblins
  8 jackals
  6 quokkas
  18 bats
  5 frilled lizards
  A goblin skeleton (D:10)
  A goblin zombie (D:10)
  A hobgoblin skeleton (D:10)
  2 hobgoblin zombies (D:10)
  20 kobolds
  3 orc skeletons (D:10)
  9 orc zombies (D:10)
  16 rats
690 creatures vanquished.

Vanquished Creatures (collateral kills)
  2 two-headed ogres
  A hornet (Lair:5)
3 creatures vanquished.

Vanquished Creatures (others)
  A great orb of eyes (D:14)
  A vault guard (D:13)
  2 glowing orange brains (D:14)
  A wizard (D:13)
  A deep elf pyromancer (D:12)
  An orc sorcerer (D:13)
  A cyclops (Orc:2)
  An unseen horror (D:11)
  A troll (D:13)
  A blink frog (Lair:4)
  5 slime creatures
  2 wyverns
  A human (D:13)
  A golden eye (shapeshifter) (D:14)
  An orc warrior (D:13)
  3 centaurs (Lair:2)
  A kobold brigand (D:8)
  52 jellies
  3 orc priests
  2 iguanas (D:5)
  3 orc wizards
  A gnoll (D:5)
  An adder (Sewer)
  2 white imps (Lair:4)
  2 worms
  28 orcs
  2 ball pythons
  2 bats
  7 endoplasms
  A giant cockroach (D:2)
  2 goblins
  A hobgoblin (D:2)
  2 jackals (Sewer)
  3 kobolds
  3 goblin zombies (D:10)
  A hobgoblin zombie (D:10)
  4 orc zombies (D:10)
  A lurking horror (D:14)
148 creatures vanquished.

Grand Total: 841 creatures vanquished

Notes
Turn   | Place    | Note
-------+----------+-------------------------------------------
     0 | D:1      | Cauliflower the Gnoll Transmuter began the quest for the
                  | Orb.
     0 | D:1      | Reached XP level 1. HP: 17/17 MP: 6/6
   146 | D:1      | Reached XP level 2. HP: 21/23 MP: 7/7
   149 | D:1      | Learned a level 2 spell: Wereblood
   247 | D:1      | Found a faded altar of an unknown god.
   258 | D:1      | Prayed at the altar of an unknown god.
   258 | D:1      | Became a worshipper of Jiyva Jihumpau the Shapeless
   258 | D:1      | Reached * piety under Jiyva
   327 | D:1      | Reached skill level 5 in Spellcasting
   327 | D:1      | Reached XP level 3. HP: 27/28 MP: 7/9
   331 | D:1      | Learned a level 3 spell: Spider Form
   554 | D:1      | Reached ** piety under Jiyva
   607 | D:1      | Reached skill level 1 in Invocations
   801 | D:2      | Reached skill level 1 in Short Blades
   801 | D:2      | Reached skill level 1 in Long Blades
   801 | D:2      | Reached skill level 1 in Axes
   801 | D:2      | Reached skill level 1 in Maces & Flails
   801 | D:2      | Reached skill level 1 in Polearms
   801 | D:2      | Reached skill level 1 in Staves
   801 | D:2      | Reached skill level 1 in Ranged Weapons
   801 | D:2      | Reached skill level 1 in Throwing
   801 | D:2      | Reached skill level 1 in Armour
   801 | D:2      | Reached skill level 1 in Stealth
   801 | D:2      | Reached skill level 1 in Shields
   801 | D:2      | Reached skill level 1 in Evocations
   846 | D:2      | Found a shadowy altar of Dithmenos.
   859 | D:2      | Reached XP level 4. HP: 24/34 MP: 11/11
   965 | D:2      | Reached skill level 1 in Conjurations
   965 | D:2      | Reached skill level 1 in Hexes
   965 | D:2      | Reached skill level 1 in Summonings
   965 | D:2      | Reached skill level 1 in Necromancy
   965 | D:2      | Reached skill level 1 in Translocations
   965 | D:2      | Reached skill level 1 in Fire Magic
   965 | D:2      | Reached skill level 1 in Ice Magic
   965 | D:2      | Reached skill level 1 in Air Magic
   965 | D:2      | Reached skill level 1 in Earth Magic
   965 | D:2      | Reached skill level 1 in Poison Magic
  1055 | D:2      | Learned a level 4 spell: Ice Form
  1059 | D:2      | Learned a level 3 spell: Mephitic Cloud
  1074 | D:2      | Noticed Robin
  1092 | D:2      | Killed Robin
  1466 | D:3      | Reached *** piety under Jiyva
  1502 | D:3      | Gained mutation: Your system is resistant to poisons.
                  | (rPois) [Jiyva's grace]
  1502 | D:3      | Gained mutation: Your flesh is heat resistant. (rF+)
                  | [Jiyva's grace]
  1502 | D:3      | Gained mutation: Your flesh is very heat resistant. (rF++)
                  | [Jiyva's grace]
  1502 | D:3      | Gained mutation: Your flesh is almost immune to the effects
                  | of heat. (rF+++) [Jiyva's grace]
  1566 | D:3      | Reached XP level 5. HP: 36/40 MP: 12/12
  2292 | D:4      | Reached **** piety under Jiyva
  2300 | D:4      | Noticed Grinder
  2340 | D:4      | Killed Grinder
  2341 | D:4      | Reached skill level 5 in Dodging
  2341 | D:4      | Reached XP level 6. HP: 47/47 MP: 12/14
  2465 | D:4      | Found a glowing drain.
  2469 | Sewer    | Entered a sewer
  2618 | Sewer    | Reached skill level 7 in Unarmed Combat
  2618 | Sewer    | Reached XP level 7. HP: 38/52 MP: 12/15
  3191 | D:4      | Found a snail-covered altar of Cheibriados.
  3319 | D:5      | Entered Level 5 of the Dungeon
  3489 | D:5      | Found a staircase to the Ecumenical Temple.
  3495 | Temple   | Entered the Ecumenical Temple
  3553 | D:5      | Reached XP level 8. HP: 56/60 MP: 16/16
  3559 | D:5      | Learned a level 5 spell: Yara's Violent Unravelling
  3704 | D:5      | Noticed Eustachio
  3721 | D:5      | Killed Eustachio
  4070 | D:6      | Reached skill level 5 in Transmutations
  4248 | D:6      | Reached XP level 9. HP: 66/66 MP: 18/18
  4348 | D:6      | Lost mutation: Your flesh is almost immune to the effects
                  | of heat. (rF+++) [Jiyva's grace]
  4348 | D:6      | Gained mutation: You are agile. (Dex +4, Str/Int -1)
                  | [Jiyva's grace]
  4348 | D:6      | Gained mutation: You are very agile. (Dex +8, Str/Int -2)
                  | [Jiyva's grace]
  4348 | D:6      | Gained mutation: Your natural rate of healing is unusually
                  | fast. [Jiyva's grace]
  4348 | D:6      | Gained mutation: You heal very quickly. [Jiyva's grace]
  4354 | D:6      | Gained mutation: You are dopey. (Int -2) [mutagenic glow]
  4487 | D:7      | You fall into a shaft and drop 2 floors!
  4544 | D:9      | Reached ***** piety under Jiyva
  4726 | D:9      | Reached skill level 5 in Fighting
  5073 | D:9      | Reached skill level 8 in Unarmed Combat
  5074 | D:9      | Reached skill level 5 in Invocations
  5792 | D:8      | Reached ****** piety under Jiyva
  5795 | D:8      | Noticed a two-headed ogre
  5802 | D:8      | Killed a two-headed ogre
  5803 | D:8      | Reached skill level 5 in Short Blades
  5803 | D:8      | Reached skill level 5 in Long Blades
  5803 | D:8      | Reached skill level 5 in Axes
  5803 | D:8      | Reached skill level 5 in Maces & Flails
  5803 | D:8      | Reached skill level 5 in Polearms
  5803 | D:8      | Reached skill level 5 in Staves
  5803 | D:8      | Reached skill level 5 in Ranged Weapons
  5803 | D:8      | Reached skill level 5 in Throwing
  5803 | D:8      | Reached skill level 5 in Armour
  5803 | D:8      | Reached skill level 5 in Stealth
  5803 | D:8      | Reached skill level 5 in Shields
  5803 | D:8      | Reached skill level 5 in Evocations
  5803 | D:8      | Reached XP level 10. HP: 55/76 MP: 20/20
  5915 | D:7      | Lost mutation: You are very agile. (Dex +8, Str/Int -2)
                  | [Jiyva's grace]
  5915 | D:7      | Gained mutation: You are strong-willed. (Will+) [Jiyva's
                  | grace]
  5915 | D:7      | Gained mutation: You are highly strong-willed. (Will++)
                  | [Jiyva's grace]
  5915 | D:7      | Gained mutation: You are extremely strong-willed. (Will+++)
                  | [Jiyva's grace]
  5915 | D:7      | Gained mutation: You are covered in slimy tendrils that may
                  | disarm your opponents. [Jiyva's grace]
  6121 | D:7      | Learned a level 3 spell: Confusing Touch
  6333 | D:7      | Found a shimmering altar of Xom.
  6474 | D:10     | Entered Level 10 of the Dungeon
  6486 | D:10     | Noticed Josephine
  6508 | D:10     | Killed Josephine
  6577 | D:10     | Found a staircase to the Orcish Mines.
  6824 | D:10     | Noticed a two-headed ogre
  6831 | D:10     | Identified the ring "Zool" {Ice rPois Will- Str+5 Int+4}
  6833 | D:10     | Killed a two-headed ogre
  6834 | D:10     | Reached skill level 9 in Unarmed Combat
  6834 | D:10     | Reached skill level 5 in Conjurations
  6834 | D:10     | Reached skill level 5 in Hexes
  6834 | D:10     | Reached skill level 5 in Summonings
  6834 | D:10     | Reached skill level 5 in Necromancy
  6834 | D:10     | Reached skill level 5 in Translocations
  6834 | D:10     | Reached skill level 5 in Fire Magic
  6834 | D:10     | Reached skill level 5 in Ice Magic
  6834 | D:10     | Reached skill level 5 in Air Magic
  6834 | D:10     | Reached skill level 5 in Earth Magic
  6834 | D:10     | Reached skill level 5 in Poison Magic
  6834 | D:10     | Reached XP level 11. HP: 76/83 MP: 22/22
  6849 | D:10     | Found a shimmering blue altar of Sif Muna.
  6849 | D:10     | Found a glowing silver altar of Zin.
  7249 | D:11     | Noticed a two-headed ogre
  7264 | D:11     | Killed a two-headed ogre
  7425 | D:11     | Found Darior's General Store.
  7431 | D:11     | Bought a potion of heal wounds for 70 gold pieces
  7431 | D:11     | Bought a scroll of amnesia for 56 gold pieces
  7478 | D:11     | Found an ornate altar of the Wu Jian Council.
  7565 | D:11     | Lost mutation: You are dopey. (Int -2) [Jiyva's grace]
  7565 | D:11     | Lost mutation: You heal very quickly. [Jiyva's grace]
  7565 | D:11     | Gained mutation: Your rubbery body absorbs attacks. (AC +1,
                  | EV +1) [Jiyva's grace]
  7565 | D:11     | Gained mutation: Your pliable body absorbs attacks. (AC +2,
                  | EV +2) [Jiyva's grace]
  7565 | D:11     | Gained mutation: Your gelatinous body deflects attacks. (AC
                  | +3, EV +3) [Jiyva's grace]
  7565 | D:11     | Gained mutation: You are partially covered in iridescent
                  | scales. (AC +2) [Jiyva's grace]
  7689 | D:11     | Found a staircase to the Lair.
  7877 | D:11     | Upgraded the game from 0.30.1-1-g62c8e00024 to
                  | 0.30.1-3-gfc49f6343a
  7911 | D:12     | Noticed a manticore
  7934 | D:12     | Killed a manticore
  7958 | D:12     | Noticed a cyclops
  7966 | D:12     | Killed a cyclops
  7977 | D:12     | Found a transporter.
  7980 | D:12     | Noticed an orc high priest
  7991 | D:12     | Found a transporter.
  8096 | D:12     | Noticed a fire crab
  8118 | D:12     | Learned a level 4 spell: Passage of Golubria
  8287 | D:12     | Found Natz's Magic Scroll Shop.
  8310 | D:12     | Bought a scroll of identify for 28 gold pieces
  8310 | D:12     | Bought a scroll of blinking for 105 gold pieces
  8310 | D:12     | Bought a scroll of teleportation for 42 gold pieces
  8311 | D:12     | Bought a scroll of fear for 56 gold pieces
  8311 | D:12     | Bought a scroll of enchant armour for 105 gold pieces
  8400 | D:12     | Reached XP level 12. HP: 89/91 MP: 24/24
  8431 | D:12     | Noticed a boulder beetle
  8486 | D:12     | Killed a boulder beetle
  8678 | D:12     | Killed an orc high priest
  8699 | D:12     | Reached skill level 10 in Unarmed Combat
  8706 | D:12     | Identified the +9 battleaxe of the Mashing Scavenger {elec,
                  | Fly Dex+3}
  8728 | D:13     | Identified a scroll of acquirement
  8730 | D:13     | Acquired Kikubaaqudgha's Incunabulum of the Morgue
  8848 | D:13     | Killed a vault guard
  8904 | D:13     | Found a frozen archway.
  8938 | IceCv    | Entered an ice cave
  9156 | D:13     | Noticed a centaur warrior
  9161 | D:13     | Killed a centaur warrior
  9171 | D:13     | Noticed a vault guard
  9207 | D:13     | Killed a vault guard
  9256 | D:13     | Found a gate to the Vaults.
  9592 | Lair:1   | Entered Level 1 of the Lair of Beasts
  9592 | Lair:1   | Noticed Sonja
  9601 | Lair:1   | Killed Sonja
  9678 | Lair:1   | Reached XP level 13. HP: 99/99 MP: 24/26
  9702 | Lair:1   | Lost mutation: You are agile. (Dex +4, Str/Int -1) [Jiyva's
                  | grace]
  9702 | Lair:1   | Lost mutation: Your flesh is very heat resistant. (rF++)
                  | [Jiyva's grace]
  9702 | Lair:1   | Lost mutation: You are extremely strong-willed. (Will+++)
                  | [Jiyva's grace]
  9702 | Lair:1   | Lost mutation: You are covered in slimy tendrils that may
                  | disarm your opponents. [Jiyva's grace]
  9702 | Lair:1   | Gained mutation: Your translucent skin slightly reduces
                  | your foes' accuracy. (Stealth+) [Jiyva's grace]
  9702 | Lair:1   | Gained mutation: Your translucent skin reduces your foes'
                  | accuracy. (Stealth+) [Jiyva's grace]
  9702 | Lair:1   | Gained mutation: Your transparent skin significantly
                  | reduces your foes' accuracy. (Stealth+) [Jiyva's grace]
  9702 | Lair:1   | Gained mutation: Your movements are slightly less
                  | encumbered by armour. (ER -2) [Jiyva's grace]
 10896 | Lair:2   | Found a staircase to the Shoals.
 11172 | Lair:3   | Lost mutation: Your transparent skin significantly reduces
                  | your foes' accuracy. (Stealth+) [Jiyva's grace]
 11172 | Lair:3   | Lost mutation: Your translucent skin reduces your foes'
                  | accuracy. (Stealth+) [Jiyva's grace]
 11172 | Lair:3   | Lost mutation: Your movements are slightly less encumbered
                  | by armour. (ER -2) [Jiyva's grace]
 11172 | Lair:3   | Gained mutation: You are agile. (Dex +4, Str/Int -1)
                  | [Jiyva's grace]
 11172 | Lair:3   | Gained mutation: You are very agile. (Dex +8, Str/Int -2)
                  | [Jiyva's grace]
 11172 | Lair:3   | Gained mutation: You have acidic saliva. [Jiyva's grace]
 11172 | Lair:3   | Gained mutation: Your movements are slightly less
                  | encumbered by armour. (ER -2) [Jiyva's grace]
 11208 | Lair:3   | Reached skill level 10 in Spellcasting
 11382 | Lair:3   | Reached skill level 10 in Dodging
 11382 | Lair:3   | Reached skill level 11 in Unarmed Combat
 11518 | Lair:3   | Found a hole to the Spider Nest.
 11708 | Lair:3   | Identified the +0 ring mail of Theory {Harm +Blink rPois
                  | rF-}
 12082 | Lair:4   | Reached XP level 14. HP: 108/108 MP: 28/28
 12087 | Lair:4   | Reached skill level 10 in Invocations
 12472 | Lair:4   | Noticed Snorg
 12489 | Lair:4   | Killed Snorg
 12568 | Lair:4   | HP: 5/109 [death yak (19)]
 12752 | Lair:4   | Lost mutation: Your natural rate of healing is unusually
                  | fast. [Jiyva's grace]
 12752 | Lair:4   | Lost mutation: Your gelatinous body deflects attacks. (AC
                  | +3, EV +3) [Jiyva's grace]
 12752 | Lair:4   | Lost mutation: Your translucent skin slightly reduces your
                  | foes' accuracy. (Stealth+) [Jiyva's grace]
 12752 | Lair:4   | Gained mutation: You have hidden genetic potential.
                  | [Jiyva's grace]
 12752 | Lair:4   | Gained mutation: You have great hidden genetic potential.
                  | [Jiyva's grace]
 12752 | Lair:4   | Gained mutation: Your muscles are strong. (Str +4, Int/Dex
                  | -1) [Jiyva's grace]
 12752 | Lair:4   | Gained mutation: Your muscles are very strong. (Str +8,
                  | Int/Dex -2) [Jiyva's grace]
 12940 | Lair:5   | Entered Level 5 of the Lair of Beasts
 13018 | Lair:5   | Found a staircase to the Slime Pits.
 13030 | Slime:1  | Entered Level 1 of the Pits of Slime
 13055 | Slime:1  | Noticed a rockslime
 13056 | Slime:1  | Noticed a rockslime
 13069 | Slime:1  | Noticed an azure jelly
 13306 | Slime:2  | Noticed a quicksilver ooze
 13306 | Slime:2  | Noticed a quicksilver ooze
 13307 | Slime:2  | Noticed an acid blob
 13544 | Slime:3  | Noticed a rockslime
 13554 | Slime:3  | Noticed an acid blob
 13569 | Slime:3  | Noticed a rockslime
 13687 | Slime:3  | Noticed an azure jelly
 13869 | Slime:4  | Noticed an acid blob
 13869 | Slime:4  | Noticed a rockslime
 13902 | Slime:4  | Noticed an acid blob
 13907 | Slime:4  | Noticed an acid blob
 13947 | Slime:4  | Noticed an acid blob
 13960 | Slime:4  | Noticed an azure jelly
 14016 | Slime:4  | Noticed an acid blob
 14028 | Slime:4  | Noticed a rockslime
 14131 | Slime:5  | Entered Level 5 of the Pits of Slime
 14179 | Slime:5  | Noticed an acid blob
 14203 | Slime:5  | Noticed an acid blob
 14213 | Slime:5  | Noticed an acid blob
 14256 | Slime:5  | Noticed an acid blob
 14261 | Slime:5  | Noticed a quicksilver ooze
 14268 | Slime:5  | Noticed an acid blob
 14298 | Slime:5  | Noticed an acid blob
 14324 | Slime:5  | Found a viscous altar of Jiyva.
 14332 | Slime:5  | Got a slimy rune of Zot
 14339 | Slime:5  | Identified the staff of fire "Mokos" {rF+ Int+7 SInv}
 14342 | Slime:5  | Identified the ring "Ymaom" {rC- rN+ Int+6 Dex+2}
 14350 | Slime:5  | Identified the staff of poison "Dobbof" {rPois rC+ rN+}
 14361 | Slime:5  | Identified the ring of Omutu {EV+5 Str+2}
 14369 | Slime:5  | Noticed the Royal Jelly
 14401 | Slime:5  | Noticed an azure jelly
 14413 | Slime:5  | Noticed a quicksilver ooze
 14568 | Lair:5   | Reached skill level 10 in Fighting
 15157 | Lair:5   | Found a runed translucent door.
 15157 | Lair:5   | Noticed mmigdal's ghost (journeyman DsRe)
 15183 | Lair:5   | Killed mmigdal's ghost
 15184 | Lair:5   | Reached skill level 10 in Short Blades
 15184 | Lair:5   | Reached skill level 10 in Long Blades
 15184 | Lair:5   | Reached skill level 10 in Axes
 15184 | Lair:5   | Reached skill level 10 in Maces & Flails
 15184 | Lair:5   | Reached skill level 10 in Polearms
 15184 | Lair:5   | Reached skill level 10 in Staves
 15184 | Lair:5   | Reached skill level 10 in Ranged Weapons
 15184 | Lair:5   | Reached skill level 10 in Throwing
 15184 | Lair:5   | Reached skill level 10 in Armour
 15184 | Lair:5   | Reached skill level 10 in Stealth
 15184 | Lair:5   | Reached skill level 10 in Shields
 15184 | Lair:5   | Reached skill level 10 in Evocations
 15585 | D:14     | Found a transporter.
 15592 | D:14     | Found a transporter.
 16063 | D:14     | Noticed a tentacled monstrosity
 16090 | D:14     | Found a one-way gate to the infinite horrors of the Abyss.
 16197 | D:14     | Reached XP level 15. HP: 95/117 MP: 27/30
 16199 | D:14     | Reached skill level 12 in Unarmed Combat
 16275 | D:14     | Learned a level 4 spell: Dispel Undead
 16496 | D:14     | Found a sparkling altar of Nemelex Xobeh.
 16914 | Orc:1    | Entered Level 1 of the Orcish Mines
 16936 | Orc:1    | Found Satiof's Self-Improvement Boutique.
 17196 | Orc:2    | Entered Level 2 of the Orcish Mines
 17377 | Orc:2    | Found a staircase to the Elven Halls.
 17403 | Orc:2    | Found Jehom's Jewellery Boutique.
 17473 | Orc:2    | Lost mutation: Your pliable body absorbs attacks. (AC +2,
                  | EV +2) [Jiyva's grace]
 17473 | Orc:2    | Lost mutation: You have great hidden genetic potential.
                  | [Jiyva's grace]
 17473 | Orc:2    | Lost mutation: Your movements are slightly less encumbered
                  | by armour. (ER -2) [Jiyva's grace]
 17473 | Orc:2    | Gained mutation: Your flesh is very heat resistant. (rF++)
                  | [Jiyva's grace]
 17473 | Orc:2    | Gained mutation: Your flesh is almost immune to the effects
                  | of heat. (rF+++) [Jiyva's grace]
 17473 | Orc:2    | Gained mutation: You have a small jelly attached to you
                  | that may absorb projectiles. [Jiyva's grace]
 17473 | Orc:2    | Gained mutation: Your mind is acute. (Int +4, Str/Dex -1)
                  | [Jiyva's grace]
 17491 | Orc:2    | Found Umofeak's Distillery.
 17502 | Orc:2    | Bought a potion of heal wounds for 60 gold pieces
 17502 | Orc:2    | Bought 2 potions of curing for 72 gold pieces
 17502 | Orc:2    | Bought a potion of curing for 36 gold pieces
 17638 | Orc:2    | Noticed an orc warlord
 17652 | Orc:2    | Killed an orc warlord
 17653 | Orc:2    | Gained mutation: You have supernaturally acute eyesight.
                  | (SInv) [hidden potential]
 17663 | Orc:2    | Found Fibracuz's Antique Weapon Boutique.
 17667 | Orc:2    | Found Varoc's Antique Armour Shop.
 17770 | Orc:2    | Found Qushes's Book Boutique.
 17779 | Orc:2    | Bought an Inescapable Atlas for 480 gold pieces
 17782 | Orc:2    | Learned a level 2 spell: Blink
 18178 | Elf:1    | Entered Level 1 of the Elven Halls
 18709 | Elf:1    | Noticed Asterion
 18716 | Elf:1    | Noticed an Executioner
 18728 | Elf:1    | Noticed an Executioner
 18734 | Elf:1    | Killed Asterion
 18788 | Elf:1    | Noticed a deep elf sorcerer
 18799 | Elf:1    | Killed a deep elf sorcerer
 18805 | Elf:1    | Demolished by a +6 scimitar of electrocution

Illustrated notes

Levels and vault maps discovered:
D:1:      dpeg_arrival_ratfight, layout_basic,
          shapermc_ecumenical_altar_mp_ritualfount, hangedman_decor_push,
          st_stairs_7
D:2:      layout_rooms, basic_altar, chequers_serial_rivers_large_b,
          minmay_strange_pillars, uniq_robin
D:3:      layout_basic
D:4:      layout_gridville, mainiacjoe_overflow_boulevard,
          gup_sewer_entry_spiral, st_stairs_8, uniq_grinder
D:5:      layout_loops_ring, minmay_temple_entry_hall, uniq_eustachio
D:6:      layout_rooms, chequers_decorated_corner
D:7:      layout_gridville, lemuel_coloured_pillars_altar, skrybe_limestone_x
D:8:      nicolae_cairo_tiling, layout_gridville
D:9:      layout_roguey, minmay_variable_closet
D:10:     layout_irregular_city, gammafunk_temple_overflow_elements,
          zombieorc2_lemuel, uniq_josephine
D:11:     layout_cross, erik_lair_dragon, serial_shops,
          nicolae_shop_pleasant_corner_grove, nzn_wu_jian_contemplation
D:12:     gammafunk_wand_slinger, layout_loops_ring, serial_shops,
          nicolae_shop_peninsula
D:13:     layout_loops_cross, grunt_vaults_entry_fortified,
          portal_ice_cave_entry_imps, drop_trap
D:14:     layout_roguey, gammafunk_ghost_abyssal_escape, serial_rivers,
          chequers_serial_rivers_room_a, chequers_serial_rivers_micro_c,
          chequers_serial_rivers_micro_e, chequers_serial_rivers_large_a,
          chequers_serial_rivers_micro_b, nemelex_lonely_heart_becter
Temple:   dpeg_five_rooms_temple
Lair:1:   layout_regular_city, infiniplex_staircase_pool_2, uniq_sonja
Lair:2:   layout_chaotic_city, minmay_shoals_entry_centaurs
Lair:3:   layout_roguey, spider_nest_entry_webs, roderic_batcave
Lair:4:   layout_long_grid, ice2_lemuel, grunt_megastairs_3, lemuel_fruit_tree,
          uniq_snorg
Lair:5:   minmay_lair_end_enchanted_forest, layout_concentric_octagons,
          slime_entry_1, gammafunk_ghost_grave, grunt_megastairs_5
Slime:1:  layout_caves, nicolae_slime_phagocytosis
Slime:2:  layout_caves
Slime:3:  layout_caves, nicolae_slime_barrier, nicolae_slime_welcoming_committee
Slime:4:  layout_caves
Slime:5
Orc:1:    layout_caves, nicolae_shop_self_help
Orc:2:    grunt_orc_community_town_hall, layout_diamond_mine,
          grunt_orc_community_big_house_1, grunt_orc_community_big_house_2,
          grunt_orc_community_house_3, grunt_orc_community_house_2,
          grunt_orc_community_house_2, grunt_orc_community_house_1,
          grunt_orc_community_house_2, serial_shops,
          nicolae_shop_just_a_little_nook, nicolae_orc_tapped_out
Elf:1:    minmay_elf_arrival_summoners, layout_loops_corners,
          hangedman_elf_disciples, corexii_checkpoint_b, minivault_20,
          uniq_asterion

Skill      XL: |  1  2  3  4  5  6  7  8  9 10 11 12 13 14 15 |
---------------+----------------------------------------------+-----
Spellcasting   | 5 6 7 8 9 10 11 | 11.9
Invocations    | 1 2 3 4 5 6 7 8 9 10 11 | 11.7
Short Blades   | 1 2 3 5 6 7 8 9 10 | 10.8
Long Blades    | 1 2 3 5 6 7 8 9 10 | 10.8
Axes           | 1 2 3 5 6 7 8 9 10 | 10.8
Maces & Flails | 1 2 3 5 6 7 8 9 10 | 10.8
Polearms       | 1 2 3 5 6 7 8 9 10 | 10.8
Staves         | 1 2 3 5 6 7 8 9 10 | 10.8
Ranged Weapons | 1 2 3 5 6 7 8 9 10 | 10.8
Throwing       | 1 2 3 5 6 7 8 9 10 | 10.8
Armour         | 1 2 3 5 6 7 8 9 10 | 10.8
Stealth        | 1 2 3 5 6 7 8 9 10 | 10.8
Shields        | 1 2 3 5 6 7 8 9 10 | 10.8
Evocations     | 1 2 3 5 6 7 8 9 10 | 10.8
Conjurations   | 1 2 3 4 5 6 7 8 9 |  9.1
Hexes          | 1 2 3 4 5 6 7 8 9 |  9.1
Summonings     | 1 2 3 4 5 6 7 8 9 |  9.1
Necromancy     | 1 2 3 4 5 6 7 8 9 |  9.1
Translocations | 1 2 3 4 5 6 7 8 9 |  9.1
Fire Magic     | 1 2 3 4 5 6 7 8 9 |  9.1
Ice Magic      | 1 2 3 4 5 6 7 8 9 |  9.1
Air Magic      | 1 2 3 4 5 6 7 8 9 |  9.1
Earth Magic    | 1 2 3 4 5 6 7 8 9 |  9.1
Poison Magic   | 1 2 3 4 5 6 7 8 9 |  9.1
Fighting       | 3 4 5 6 7 8 9 10 11 | 11.1
Transmutations | 4 5 6 7 8 9 |  9.9
Dodging        | 5 6 7 8 9 10 11 | 11.7
Unarmed Combat | 7 8 9 10 11 12 | 12.5

Action                     |  1- 3 |  4- 6 |  7- 9 | 10-12 | 13-15 || total
---------------------------+-------+-------+-------+-------+-------++-------
  Melee: Unarmed           |    96 |   173 |   227 |   439 |    46 ||   981
         Kick              |    16 |     7 |       |       |       ||    23
         Bite              |     9 |     4 |     4 |    26 |   132 ||   175
         Headbutt          |     7 |     5 |       |       |       ||    12
         Punch             |     2 |       |       |       |       ||     2
         Dagger            |       |       |    21 |   122 |    53 ||   196
         Battleaxe         |       |       |       |       |   700 ||   700
  Throw: Stone             |       |       |       |       |     1 ||     1
         Dart              |       |       |       |       |     3 ||     3
         Boomerang         |       |       |       |       |     1 ||     1
   Cast: Beastly Appendage |    14 |    10 |       |       |       ||    24
         Spider Form       |     1 |    10 |    25 |     9 |       ||    45
         Wereblood         |       |     2 |     5 |    13 |    25 ||    45
         Ice Form          |       |     4 |    11 |    20 |     5 ||    40
         Confusing Touch   |       |       |       |     6 |     3 ||     9
         Yara's Violent Un |       |       |       |     3 |     9 ||    12
         Mephitic Cloud    |       |       |       |    20 |    35 ||    55
         Passage of Golubr |       |       |       |     1 |     2 ||     3
         Blink             |       |       |       |       |     1 ||     1
 Invoke: Oozemancy         |       |       |     1 |     1 |     2 ||     4
         Slimify           |       |       |       |       |     1 ||     1
Ability: End Transformatio |       |     2 |     1 |     2 |     2 ||     7
  Evoke: Wand              |       |       |       |     3 |       ||     3
    Use: Scroll            |       |     6 |    10 |     8 |     6 ||    30
         Potion            |       |       |       |     1 |     2 ||     3
   Stab: Sleeping          |     2 |     6 |     7 |     4 |    17 ||    36
         Confused          |       |       |       |     9 |    42 ||    51
         Distracted        |       |       |       |       |     2 ||     2
 Armour: Robe              |     8 |    11 |     4 |    12 |   291 ||   326
         Skin              |     1 |    21 |    32 |   148 |    18 ||   220
  Dodge: Dodged            |    77 |   131 |   285 |   454 |  1319 ||  2266
  Block: Buckler           |       |    16 |     8 |    29 |    13 ||    66
